 Dungeon Crawl Stone Soup version 0.31-a0-675-g238779eb0a (webtiles) character file.

Game seed: 17152977525852744244

551 Essalna the Conjurer (level 7, 46/46 HPs)
             Began as a Demonspawn Conjurer on Sept 5, 2023.
             Got out of the dungeon alive.
             The game lasted 00:06:21 (4394 turns).

Essalna the Conjurer (Demonspawn Conjurer)          Turns: 4394, Time: 00:06:21

Health: 46/46      AC:  2    Str:  8    XL:     7   Next: 7%
Magic:  14/14      EV: 14    Int: 21    God:
Gold:   254        SH:  0    Dex: 11    Spells: 13/16 levels left

rFire   . . .        n - +2 whip (elec)
rCold   . . .        (no shield)
rNeg    . . .        a - +0 robe
rPois   .            (helmet restricted)
rElec   .            (no cloak)
rCorr   .            (no gloves)
SInv    .            (no boots)
Will    .....        (no amulet)
Stlth   ++           (no ring)
HPRegen 0.27/turn    (no ring)
MPRegen 0.14/turn

%: no passive effects
@: no status effects
A: antennae 1, repulsion field 1, spiny 1
a: no special abilities


You escaped.
You visited 1 branch of the dungeon, and saw 4 of its levels.

You collected 254 gold pieces.

Inventory:

Hand Weapons
 c - a +0 dagger
 f - a +0 short sword of venom
 n - a +2 whip of electrocution (weapon)
Armour
 a - a +0 robe (worn)
Wands
 v - a wand of polymorph (12)
Scrolls
 g - a scroll of brand weapon {unknown}
 i - a scroll of fog {unknown}
 j - 2 scrolls of noise {unknown}
 l - 3 scrolls of teleportation {unknown}
 m - 2 scrolls of enchant weapon {unknown}
 q - a scroll of poison {unknown}
 s - a scroll of identify {unknown}
 t - a scroll of blinking {unknown}
 u - a scroll of enchant armour {unknown}
Potions
 b - a potion of magic
 d - a potion of heal wounds {unknown}
 e - 2 potions of haste {unknown}
 h - 2 potions of brilliance {unknown}
 k - 3 potions of enlightenment {unknown}
 o - a potion of curing {unknown}
 p - 2 potions of might {unknown}
 r - a potion of lignification {unknown}


   Skills:
 - Level 1.7 Dodging
 - Level 1.7 Stealth
 + Level 5.2 Spellcasting
 + Level 6.7 Conjurations


You had 13 spell levels left.
You knew the following spells:

 Your Spells              Type           Power      Damage    Failure   Level
a - Magic Dart            Conj           100%       1d8       1%          1
b - Searing Ray           Conj           66%        2d6       1%          2

Your spell library contained the following spells:

 Spells                   Type           Power      Damage    Failure   Level
 Dazzling Flash           Conj/Hex       38%        N/A       9%          3
 Necrotise                Necr           20%        1d5       11%         1
 Ensorcelled Hibernation  Hex/Ice        10%        N/A       16%         2
 Fulminant Prism          Conj/Hex       9%         3d6       26%         4
 Iskenderun's Mystic Bla  Conj/Tloc      19%        2d6       26%         4
 Vampiric Draining        Necr           5%         2d6       32%         3
 Anguish                  Hex/Necr       2%         N/A       71%         4
 Agony                    Necr           5%         N/A       96%         5


Dungeon Overview and Level Annotations

Branches:
Dungeon (4/15)
 Temple: D:4-7

Altars:
Okawaru
Ru
Trog
Yredelemnul


Innate Abilities, Weirdness & Mutations

You have a pair of small antennae on your head.
You are surrounded by a mild repulsion field. (EV +2)
You are partially covered in sharp spines.


Message History

The black bear goes berserk!
The magic dart hits the black bear.
The black bear is almost dead.
The black bear misses you. The black bear claws you. The black bear misses you.
The black bear bites you. The black bear closely misses you.
The black bear barely misses you.
The magic dart hits the black bear but does no damage.
The black bear is almost dead.
The black bear bites you. The black bear claws you. x2
You are too injured to fight recklessly!
Casting: Magic Dart (safe; 1% risk of failure)
Confirm with . or Enter, or press ? or * to list all spells.
Aiming: Searing Ray (safe; 1% risk of failure)
Press: ? - help, Shift-Dir - straight line, f/p - black bear
Aim: a black bear (almost dead, berserk, 86% to hit)
The searing ray hits the black bear.
The black bear is almost dead. (Press . to maintain the ray.)
The black bear is struck by your spines.
You kill the black bear!
You have reached level 7!
Your demonic ancestry asserts itself...
A pair of antennae grows on your head!
There is a stone staircase leading up here.
You climb upwards.
There is a stone staircase leading down here.
There is a stone staircase leading up here.
You climb upwards.
There is a stone staircase leading down here.
There is an open door here.
Magic restored.
There is a stone staircase leading up here.
You climb upwards.
There is a stone staircase leading down here.
There is an open door here.
There is an open door here.
HP restored.
There is a staircase leading out of the dungeon here.
Alright, then stay!
You have escaped!

#### #@.###
##...####
##.....#####
##........######
##.............
###...........
####........
####..... #####.


There were no monsters in sight!

Vanquished Creatures
  Menkaure (D:4)
  2 black bears (D:4)
  A scorpion (D:4)
  A hound (D:4)
  An iguana (D:4)
  6 adders
  An ufetubus (D:4)
  2 adder zombies (D:3)
  3 dart slugs
  6 orcs
  3 bats
  8 endoplasms
  A giant cockroach (D:4)
  5 goblins
  9 hobgoblins
  A quokka (D:1)
  6 ball pythons
  4 frilled lizards
  7 kobolds
  5 rats
73 creatures vanquished.

Notes
Turn   | Place    | Note
-------+----------+-------------------------------------------
     0 | D:1      | Essalna the Demonspawn Conjurer began the quest for the
                  | Orb.
     0 | D:1      | Reached XP level 1. HP: 13/13 MP: 3/3
   200 | D:1      | Found a faded altar of an unknown god.
   374 | D:1      | Gained mutation: You are surrounded by a mild repulsion
                  | field. (EV +2) [demonic ancestry]
   374 | D:1      | Reached XP level 2. HP: 19/19 MP: 0/5
  1247 | D:1      | Gained mutation: You are partially covered in sharp spines.
                  | [demonic ancestry]
  1247 | D:1      | Reached XP level 3. HP: 21/24 MP: 7/7
  2587 | D:3      | Reached XP level 4. HP: 25/30 MP: 0/8
  2949 | D:3      | Reached skill level 5 in Conjurations
  3170 | D:3      | Found a bloodstained altar of Trog.
  3324 | D:3      | Found a basalt altar of Yredelemnul.
  3372 | D:4      | Found a sacrificial altar of Ru.
  3522 | D:4      | Noticed an ogre
  3571 | D:3      | Learned a level 2 spell: Searing Ray
  3590 | D:4      | Noticed a scorpion
  3595 | D:4      | Killed a scorpion
  3596 | D:4      | Reached XP level 5. HP: 35/35 MP: 2/10
  3770 | D:4      | Noticed Menkaure
  3778 | D:4      | Killed Menkaure
  3779 | D:4      | Reached skill level 6 in Conjurations
  3779 | D:4      | Reached XP level 6. HP: 24/41 MP: 3/12
  3863 | D:4      | Found an iron altar of Okawaru.
  4243 | D:4      | Reached skill level 5 in Spellcasting
  4294 | D:4      | Gained mutation: You have a pair of small antennae on your
                  | head. [demonic ancestry]
  4294 | D:4      | Reached XP level 7. HP: 22/46 MP: 5/14
  4394 | D:$      | Got out of the dungeon alive.

Illustrated notes

Levels and vault maps discovered:
D:1:      eino_arrival_cavern_c, layout_loops_corners,
          dreamdust_ecumenical_altar_angels_and_demons
D:2:      layout_loops_corners, grunt_ministairs_6
D:3:      layout_loops_cross, lemuel_zombie_altar_yredelemnul,
          lightli_temple_of_fire, minmay_randomly_rotated_circles
D:4:      kennysheep_six_static_rooms, layout_cave_pools,
          mainiacjoe_overflow_large_starburst, hangedman_glass_garden,
          uniq_menkaure

Skill      XL: |  1  2  3  4  5  6 |
---------------+-------------------+-----
Spellcasting   | 3 4 5 |  5.2
Conjurations   | 5 6 |  6.7
Dodging        | |  1.7
Stealth        | |  1.7

Action                     |  1- 3 |  4- 6 |  7- 9 || total
---------------------------+-------+-------+-------++-------
  Melee: Short sword       |    10 |       |       ||    10
         Whip              |       |    11 |       ||    11
   Cast: Magic Dart        |    85 |    69 |       ||   154
         Searing Ray       |       |     4 |       ||     4
   Stab: Sleeping          |     2 |       |       ||     2
 Armour: Robe              |     3 |    13 |       ||    16
  Dodge: Dodged            |     7 |    18 |       ||    25

Table legend: (Time is in decaauts)
 A = Elapsed time spent in this place.
 B = Non-inter-level travel time spent in this place.
 C = Inter-level travel time spent in this place.
 D = Time resting spent in this place.
 E = Time spent auto-exploring this place.
 F = Levels seen in this place.
 G = Mean time per level.
                   A        B        C        D        E       F      G
               +--------+--------+--------+--------+--------+-----+--------+
         Total |   4397 |   4160 |    237 |     45 |   3740 |   4 | 1099.2 |
       Dungeon |   4397 |   4160 |    237 |     45 |   3740 |   4 | 1099.2 |
               +--------+--------+--------+--------+--------+-----+--------+

Top non-repeatable levels by time:
     D:1: 1331 daAuts
     D:3: 1279 daAuts
     D:2: 1010 daAuts
     D:4: 776 daAuts
